 Dungeon Crawl Stone Soup version 0.18-b1-22-ge198996 (webtiles) character file.

87 namelastname112 the Skirmisher (level 4, -3/40 HPs)
             Began as a Draconian Chaos Knight on May 4, 2016.
             Slain by a gnoll
             ... wielding a +0 whip
              (6 damage)
             ... on level 2 of the Dungeon.
             The game lasted 00:03:06 (1939 turns).

namelastname112 the Skirmisher (DrCK)               Turns: 1939, Time: 00:03:07

Health: -3/40      AC:  5    Str: 19 (20) XL:     4   Next: 28%
Magic:  4/4        EV: 12    Int: 11 (12) God:    Xom [..*...]
Gold:   76         SH:  0    Dex: 10 (11) Spells: 0 memorised, 3 levels left

rFire  . . .     SeeInvis .     a - +0 falchion (chaos)
rCold  . . .     Gourm    .     (armour unavailable)
rNeg   . . .     Faith    .     (no shield)
rPois  .         Spirit   .     (helmet restricted)
rElec  .         Dismiss  .     (no cloak)
rCorr  .         Reflect  .     (no gloves)
SustAt .         Harm     .     (no boots)
MR     .....                    (no amulet)
Stlth  ..........               l - ring of loudness (curse)
                                s - ring of flight

@: mighty, drained, not resistant to hostile enchantments, extremely unstealthy
A: unfitting armour, cold-blooded, AC +5
a: Renounce Religion, Evoke Flight


You were on level 2 of the Dungeon.
You worshipped Xom.
You were a toy of Xom.
You were not hungry.

You visited 1 branch of the dungeon, and saw 3 of its levels.

You collected 76 gold pieces.

Inventory:

Hand Weapons
 a - a +0 falchion of chaos (weapon)
Jewellery
 l - a cursed ring of loudness (right hand)
 s - a ring of flight (left hand)
Scrolls
 c - a scroll of fog {unknown}
 d - a scroll of noise {unknown}
 g - a scroll of enchant weapon {unknown}
 j - 3 scrolls of identify {unknown}
 k - a scroll of immolation {unknown}
 m - a scroll of amnesia {unknown}
 n - a scroll of blinking {unknown}
 o - a scroll of teleportation {unknown}
 q - a scroll of remove curse {unknown}
 t - a scroll of fear {unknown}
Potions
 i - a potion of agility {unknown}
 u - a potion of mutation {unknown}
Books
 p - a book of Envenomations

   Spells                             Type                      Level
   a - Spider Form                    Transmutation/Poison         3
   b - Olgreb's Toxic Radiance        Poison                       4
   c - Alistair's Intoxication        Transmutation/Poison         5
   d - Poisonous Cloud                Conjuration/Poison/Air       6
Comestibles
 b - 2 bread rations
 f - a beef jerky
 h - 2 slices of pizza


   Skills:
 + Level 4.1(3.3) Fighting
 * Level 4.0(3.2) Long Blades
 + Level 2.8(2.0) Dodging


You had 3 spell levels left.
You didn't know any spells.

Dungeon Overview and Level Annotations

Branches:
Dungeon (3/15)

Altars:
Elyvilon
Fedhas


Innate Abilities, Weirdness & Mutations

Your plain brown scales are hard (AC +5).
Your body does not fit into most forms of armour.
You are cold-blooded and may be slowed by cold attacks.


Message History

You closely miss the gnoll.
The gnoll is severely wounded.
The gnoll hits you with a spear.
* * * LOW HITPOINT WARNING * * *
The gnoll hits you with a whip.
* * * LOW HITPOINT WARNING * * *
The gnoll hits you with a spear.
* * * LOW HITPOINT WARNING * * *
You take 9 damage, and have 3/40 hp.
MASSIVE DAMAGE!!
Drink which item? (? for menu, Esc to quit)
It was a potion of degeneration.
There was something very wrong with that liquid.
You feel weakened.
You feel dopey.
You feel clumsy.
Xom roars with laughter!
The gnoll hits you but does no damage. The gnoll closely misses you.
Drink which item? (? for menu, Esc to quit)
It was a potion of might.
You feel very mighty all of a sudden. The gnoll hits you with a whip.
You die...

..#.############.##
..#............<..#
..#################
'#...............#
.#.#############.#
.#.#...........#.#
.#.#.#########>#.#
.#.#.# #.#g# .#.#.#
#.#@# .#.#.# #.#g#
.#.#.# #.#.# .#.#.#
#.#.#
.#.#.#########.#.#
.#.............#.#
#####.##########.#
.......# #.#
#####..# #.#


You could see 2 gnolls.

Vanquished Creatures
  3 adders (D:2)
  An ooze (D:2)
  2 worms (D:2)
  3 dart slugs
  2 giant geckos (D:2)
  3 giant cockroaches (D:2)
  5 goblins
  4 hobgoblins
  5 kobolds
  A quokka (D:2)
  8 bats
  2 giant newts (D:1)
  6 rats
45 creatures vanquished.

Notes
Turn   | Place    | Note
--------------------------------------------------------------
     0 | D:1      | namelastname112 the Draconian Chaos Knight began the quest for the Orb.
     0 | D:1      | Reached XP level 1. HP: 19/19 MP: 1/1
     0 | D:1      | incide: или таракана
     0 | D:1      | namelastname112: мумия это пиздец
    82 | D:1      | incide: FoCK оче забавный
   166 | D:1      | namelastname112: !lg . ck won
   166 | D:1      | beem: 6. namelastname112 the Petrodigitator (L27 DrCK of Makhleb), escaped with the Orb and 15 runes on 2016-03-29 19:35:18, with 14242175 points after 116428 turns and 9:20:22.
   166 | D:1      | namelastname112: !lg . ck won s=char
   166 | D:1      | beem: 6 games for namelastname112 (ck won): 5x DrCK, FeCK
   189 | D:1      | Reached XP level 2. HP: 26/26 MP: 2/2
   231 | D:1      | XOM: divination: magic mapping
   477 | D:1      | xeno23: вообще СК не считается если бросил ксома
   575 | D:1      | incide: ага
   575 | D:1      | incide: не спортивно!
   575 | D:1      | namelastname112: !lg . ck won xom s=char
   575 | D:1      | beem: 2 games for namelastname112 (ck won xom): FeCK, DrCK
   722 | D:1      | XOM: silly message
   736 | D:1      | incide: о, вот это спортивно
   779 | D:2      | XOM: stealth player
   807 | D:2      | Reached XP level 3. HP: 30/33 MP: 3/3
   854 | D:2      | Found a blossoming altar of Fedhas.
   903 | D:2      | XOM: silly message
   999 | D:2      | Found a white marble altar of Elyvilon.
  1308 | D:2      | XOM: silly message
  1424 | D:2      | Reached XP level 4. HP: 40/40 MP: 4/4
  1939 | D:2      | Slain by a gnoll

Skill      XL: |  1  2  3 |
---------------+----------+-----
Fighting       | 4 |  4.1
Long Blades    | 4 |  4.0
Dodging        | |  2.8

Action                   |  1- 3 |  4- 6 || total
-------------------------+-------+-------++-------
Melee: Falchion          |   110 |    30 ||   140
       Tailslap          |     7 |     5 ||    12
  Use: Potion            |       |     2 ||     2
  Eat: Chunk             |     1 |     2 ||     3
Armor: Skin              |    38 |     9 ||    47
Dodge: Dodged            |    72 |    24 ||    96
